 Dungeon Crawl Stone Soup version 0.31-a0-180-g519b7de00c (webtiles) character file.

Game seed: 12924805974382268118

826 qw the Shooter (level 7, 0/66 HPs)
             Began as a Naga Hunter on June 19, 2023.
             Slain by an orc priest
             ... wielding a +0 mace
              (1 damage)
             ... on level 4 of the Dungeon.
             The game lasted 00:01:10 (2804 turns).

qw the Shooter (Naga Hunter)                        Turns: 2804, Time: 00:01:10

Health: 0/66       AC:  4    Str: 13    XL:     7   Next: 96%
Magic:  7/7        EV: 10    Int: 10    God:
Gold:   135        SH:  0    Dex: 16    Spells: 6/6 levels left

rFire   . . .        Y - +0 shortbow
rCold   . . .        (shield currently unavailable)
rNeg    . . .        c - +0 leather armour
rPois   +            (helmet restricted)
rElec   .            b - +0 cloak
rCorr   .            (no gloves)
SInv    +            (no barding)
Will    .....        (no amulet)
Stlth   ++           (no ring)
HPRegen 0.31/turn    (no ring)
MPRegen 0.10/turn

%: no passive effects
@: about to teleport, short of breath, very slow
A: AC +2, large, see invisible, deformed body, poison resistance, slowness 2,
spit poison 1, naga tail 1, fangs 1, horns 1
a: Spit Poison


You were on level 4 of the Dungeon.
You visited 1 branch of the dungeon, and saw 4 of its levels.

You collected 135 gold pieces.


Innate Abilities, Weirdness & Mutations

Your serpentine skin is tough. (AC +2)
You have supernaturally acute eyesight. (SInv)
Armour fits poorly on your strangely shaped body.
Your system is resistant to poisons. (rPois)
You cover ground very slowly.
You can spit poison.
You have a snake-like lower body.
You have very sharp teeth.
You have a pair of small horns on your head.


   Skills:
 - Level 4.7 Fighting
 + Level 7.6 Ranged Weapons
 - Level 2.2 Dodging
 - Level 1.5 Stealth


You had 6 spell levels left.
You didn't know any spells.
Your spell library was empty.

Inventory:

Hand Weapons
 Y - a +0 shortbow (weapon)
Armour
 b - a +0 cloak (worn)
 c - a +0 leather armour (worn)
 k - a +2 robe of willpower
Wands
 l - a wand of digging (4)
Scrolls
 a - a scroll of identify
 f - a scroll of poison {unknown}
 j - a scroll of amnesia {unknown}
Potions
 d - 2 potions of curing
 g - a potion of degeneration {unknown}
 h - 3 potions of haste
 i - 2 potions of mutation

Dungeon Overview and Level Annotations

Branches:
Dungeon (4/15)
 Temple: D:4-7

Altars:


Message History

Beogh smites you! The orc hits you but does no damage.
You hear a shout!
You shoot an arrow. The arrow hits the orc.
The orc is moderately wounded.
The orc closely misses you.
An orc comes into view. It is wielding a +0 falchion.
You shoot an arrow.
The arrow hits the orc but does no damage.
The orc is moderately wounded.
You have got your breath back.
The orc barely misses you.
2800 ||| INVOKING Spit Poison.
Aiming: Spit Poison (1% risk of failure)
Press: ? - help, Shift-Dir - straight line, f/p - orc The splash of poison hits the orc!
The orc is poisoned.
You kill the orc!
You shoot an arrow.
The arrow hits the orc priest but does no damage.
The orc throws a boomerang.
The boomerang closely misses you. The orc priest closely misses you.
You shoot an arrow.
The arrow hits the orc wizard but does no damage.
You have got your breath back.
The orc wizard barely misses you.
The orc priest miscasts a cantrip.
The orc wizard hits you with a +1 dagger of speed.
2803 ||| INVOKING Spit Poison.
Aiming: Spit Poison (1% risk of failure)
Press: ? - help, Shift-Dir - straight line, f/p - orc wizard The splash of poison hits the orc wizard but does no damage.
The orc priest mumbles some strange prayers to Beogh against you.
Beogh smites you!
The orc wizard hits you but does no damage.
2804 ||| READING scroll of teleportation.
As you read the scroll of teleportation, it crumbles to dust.
You feel strangely unstable. The orc hits you with a +0 falchion.
The orc wizard hits you with a +1 dagger of speed.
The orc priest hits you with a +0 mace.
You die...

#..# ##.### ##.#
##....## #..#
##..##..#
...###..####.# ###
.......## #.# ##..
......## #.# #..
.###### #.# #.## ##
##.###..## #
#####...#.@o.##. #
#......:.)oo...)..
#
#..#####..........!
# . #...#####...
#..## .. ..## #
#.## # #### ######
##### ###..##
##..####...##


You could see an orc priest, an orc wizard and an orc.

Vanquished Creatures
  Sigmund (D:4)
  Eustachio (D:4)
  Menkaure (D:4)
  A phantom (D:3)
  A scorpion (D:4)
  A hound (D:4)
  An orc priest (D:4)
  A sleepcap (D:4)
  An orc wizard (D:3)
  An iguana (D:4)
  6 adders
  2 worms
  3 dart slugs
  10 orcs
  2 bats (D:1)
  6 endoplasms
  2 giant cockroaches (D:1)
  7 goblins
  5 hobgoblins
  4 jackals (D:4)
  4 quokkas
  8 ball pythons
  3 frilled lizards
  10 kobolds
  4 rats
86 creatures vanquished.

Notes
Turn   | Place    | Note
-------+----------+-------------------------------------------
     0 | D:1      | qw the Naga Hunter began the quest for the Orb.
     0 | D:1      | Reached XP level 1. HP: 19/19 MP: 1/1
     0 | D:1      | 0 ||| qw: Version: 0.3-a-7-ge0c9b40
     0 | D:1      | 0 ||| qw: Game counter: 1044
     0 | D:1      | 0 ||| qw: Always use a shield: true
     0 | D:1      | 0 ||| qw: God list: Okawaru
     0 | D:1      | 0 ||| qw: Allow faded altars: false
     0 | D:1      | 0 ||| qw: Do Orc after D:15 true
     0 | D:1      | 0 ||| qw: Do second Lair branch before Depths: true
     0 | D:1      | 0 ||| qw: Lair rune preference: random
     0 | D:1      | 0 ||| qw: Plans: Normal
     0 | D:1      | 0 ||| PLANNING D:1-11
    17 | D:1      | 17 ||| INVOKING Spit Poison.
    30 | D:1      | 30 ||| INVOKING Spit Poison.
    35 | D:1      | 35 ||| INVOKING Spit Poison.
    78 | D:1      | 78 ||| INVOKING Spit Poison.
    79 | D:1      | Reached skill level 4 in Ranged Weapons
    79 | D:1      | Reached XP level 2. HP: 26/26 MP: 2/2
    84 | D:1      | 84 ||| INVOKING Spit Poison.
   101 | D:1      | 101 ||| INVOKING Spit Poison.
   102 | D:1      | 102 ||| INVOKING Spit Poison.
   106 | D:1      | 106 ||| INVOKING Spit Poison.
   150 | D:1      | 150 ||| INVOKING Spit Poison.
   161 | D:1      | 161 ||| INVOKING Spit Poison.
   166 | D:1      | 166 ||| INVOKING Spit Poison.
   204 | D:1      | 204 ||| INVOKING Spit Poison.
   261 | D:1      | 261 ||| INVOKING Spit Poison.
   262 | D:1      | Reached XP level 3. HP: 32/32 MP: 3/3
   265 | D:1      | 265 ||| INVOKING Spit Poison.
   404 | D:1      | 404 ||| READING scroll labelled TIAMOS HILO.
   405 | D:1      | 405 ||| READING scroll labelled JODWEOGRINT.
   406 | D:1      | 406 ||| READING scroll labelled DUAMI NURESCH.
   407 | D:1      | 407 ||| DROPPING scroll of butterflies.
   419 | D:2      | 419 ||| INVOKING Spit Poison.
   435 | D:2      | 435 ||| INVOKING Spit Poison.
   452 | D:2      | 452 ||| INVOKING Spit Poison.
   505 | D:2      | 505 ||| INVOKING Spit Poison.
   506 | D:2      | 506 ||| INVOKING Spit Poison.
   509 | D:2      | 509 ||| INVOKING Spit Poison.
   525 | D:2      | 525 ||| INVOKING Spit Poison.
   568 | D:2      | 568 ||| INVOKING Spit Poison.
   584 | D:2      | 584 ||| INVOKING Spit Poison.
   585 | D:2      | 585 ||| INVOKING Spit Poison.
   611 | D:2      | 611 ||| INVOKING Spit Poison.
   612 | D:2      | Reached skill level 5 in Ranged Weapons
   612 | D:2      | Reached XP level 4. HP: 39/39 MP: 4/4
   617 | D:2      | 617 ||| INVOKING Spit Poison.
   623 | D:2      | 623 ||| INVOKING Spit Poison.
   792 | D:2      | 792 ||| INVOKING Spit Poison.
   852 | D:2      | 852 ||| INVOKING Spit Poison.
  1012 | D:2      | 1012 ||| INVOKING Spit Poison.
  1292 | D:2      | 1292 ||| INVOKING Spit Poison.
  1399 | D:2      | 1399 ||| UPGRADING to +0 cloak.
  1404 | D:2      | 1404 ||| DRINKING 2 viscous sapphire potions.
  1405 | D:2      | 1405 ||| READING 3 scrolls of identify.
  1405 | D:2      | 1405 ||| IDENTIFYING blue potion
  1406 | D:2      | 1406 ||| READING 2 scrolls of identify.
  1406 | D:2      | 1406 ||| IDENTIFYING glowing blue potion
  1407 | D:2      | 1407 ||| DROPPING potion of attraction.
  1433 | D:3      | 1433 ||| INVOKING Spit Poison.
  1483 | D:3      | 1483 ||| INVOKING Spit Poison.
  1490 | D:3      | 1490 ||| INVOKING Spit Poison.
  1493 | D:3      | Reached skill level 3 in Fighting
  1510 | D:3      | Noticed a phantom
  1518 | D:3      | Killed a phantom
  1519 | D:3      | Reached XP level 5. HP: 39/49 MP: 5/5
  1616 | D:3      | 1616 ||| INVOKING Spit Poison.
  1696 | D:3      | 1696 ||| INVOKING Spit Poison.
  1775 | D:3      | 1775 ||| INVOKING Spit Poison.
  1778 | D:3      | 1778 ||| INVOKING Spit Poison.
  1785 | D:3      | 1785 ||| INVOKING Spit Poison.
  1915 | D:3      | 1915 ||| INVOKING Spit Poison.
  1923 | D:3      | 1923 ||| INVOKING Spit Poison.
  1940 | D:3      | 1940 ||| INVOKING Spit Poison.
  1995 | D:3      | 1995 ||| INVOKING Spit Poison.
  1996 | D:3      | Reached skill level 6 in Ranged Weapons
  2113 | D:3      | 2113 ||| READING 2 scrolls labelled WYXASIXOID.
  2116 | D:3      | 2116 ||| READING scroll labelled SATI ETREGAMI.
  2117 | D:3      | 2117 ||| READING scroll labelled ZIASME PUILIBI.
  2118 | D:3      | 2118 ||| DRINKING 2 viscous puce potions.
  2118 | D:3      | Gained mutation: You have a pair of small horns on your
                  | head. [potion of mutation]
  2118 | D:3      | Gained mutation: You have very sharp teeth. [potion of
                  | mutation]
  2132 | D:4      | 2132 ||| INVOKING Spit Poison.
  2137 | D:4      | 2137 ||| INVOKING Spit Poison.
  2142 | D:4      | Reached XP level 6. HP: 56/56 MP: 6/6
  2162 | D:4      | 2162 ||| INVOKING Spit Poison.
  2169 | D:4      | 2169 ||| INVOKING Spit Poison.
  2172 | D:4      | 2172 ||| INVOKING Spit Poison.
  2323 | D:4      | 2323 ||| INVOKING Spit Poison.
  2342 | D:4      | Noticed Sigmund
  2343 | D:4      | 2343 ||| INVOKING Spit Poison.
  2346 | D:4      | 2346 ||| INVOKING Spit Poison.
  2349 | D:4      | 2349 ||| INVOKING Spit Poison.
  2350 | D:4      | Killed Sigmund
  2352 | D:4      | 2352 ||| INVOKING Spit Poison.
  2355 | D:4      | 2355 ||| INVOKING Spit Poison.
  2382 | D:4      | Noticed Eustachio
  2383 | D:4      | 2383 ||| INVOKING Spit Poison.
  2390 | D:4      | 2390 ||| INVOKING Spit Poison.
  2394 | D:4      | 2394 ||| INVOKING Spit Poison.
  2396 | D:4      | Killed Eustachio
  2397 | D:4      | Reached XP level 7. HP: 61/66 MP: 7/7
  2415 | D:4      | 2415 ||| INVOKING Spit Poison.
  2422 | D:4      | 2422 ||| INVOKING Spit Poison.
  2427 | D:4      | 2427 ||| INVOKING Spit Poison.
  2438 | D:4      | 2438 ||| INVOKING Spit Poison.
  2447 | D:4      | Noticed Menkaure
  2453 | D:4      | Killed Menkaure
  2454 | D:4      | Reached skill level 7 in Ranged Weapons
  2521 | D:4      | 2521 ||| INVOKING Spit Poison.
  2545 | D:4      | 2545 ||| INVOKING Spit Poison.
  2616 | D:4      | 2616 ||| INVOKING Spit Poison.
  2782 | D:4      | 2782 ||| INVOKING Spit Poison.
  2789 | D:4      | 2789 ||| INVOKING Spit Poison.
  2793 | D:4      | 2793 ||| INVOKING Spit Poison.
  2797 | D:4      | 2797 ||| INVOKING Spit Poison.
  2800 | D:4      | 2800 ||| INVOKING Spit Poison.
  2803 | D:4      | 2803 ||| INVOKING Spit Poison.
  2803 | D:4      | HP: 7/66 [orc priest/divine providence (12)]
  2804 | D:4      | 2804 ||| READING scroll of teleportation.
  2804 | D:4      | HP: 1/66 [orc wizard/+1 dagger of speed (4)]
  2804 | D:4      | Slain by an orc priest

Levels and vault maps discovered:
D:1:      mrwooster_arrival_statue, layout_rooms
D:2:      layout_loops_corners, roderic_three_in_a_row, minmay_misc_feat_iff,
          serial_bayou_pond_c, nicolae_eternal_life, moated_statue
D:3:      layout_loops_cross, chequers_serial_rivers_large_a
D:4:      layout_layer_cave, uniq_sigmund, uniq_eustachio, uniq_menkaure

Skill      XL: |  1  2  3  4  5  6  7 |
---------------+----------------------+-----
Ranged Weapons | 4 5 6 7 |  7.6
Fighting       | 3 4 |  4.7
Dodging        | 2 |  2.2
Stealth        | |  1.5

Action                     |  1- 3 |  4- 6 |  7- 9 || total
---------------------------+-------+-------+-------++-------
   Fire: Shortbow          |    57 |    90 |    50 ||   197
Ability: Spit Poison       |    22 |    32 |    13 ||    67
    Use: Scroll            |     3 |     5 |     1 ||     9
         Potion            |       |     2 |       ||     2
 Armour: Leather armour    |     4 |     8 |    13 ||    25
  Dodge: Dodged            |    11 |    13 |    24 ||    48

Table legend:
 A = Non-vault XP
 B = Vault XP
 C = Vault XP percentage of total XP
 D = Non-vault monster count
 E = Vault monster count
 F = Vault count percentage of total count
                 A         B        C        D         E       F
            +---------+---------+-------+---------+---------+-------
      Total |     602 |     579 |  49.0 |      83 |       3 |   3.5
            +---------+---------+-------+---------+---------+-------
        D:1 |      36 |       0 |   0.0 |      24 |       0 |   0.0
        D:2 |      82 |       0 |   0.0 |      20 |       0 |   0.0
        D:3 |     187 |       0 |   0.0 |      17 |       0 |   0.0
        D:4 |     297 |     579 |  66.1 |      22 |       3 |  12.0
            +---------+---------+-------+---------+---------+-------
